 Dungeon Crawl Stone Soup version 0.16.1-12-gf5c4a84 (webtiles) character file.

25047 KarvaRausku the Thaumaturge (level 12, 0/81 HPs)
             Began as a Mottled Draconian Conjurer on Apr 8, 2015.
             Was the Champion of Sif Muna.
             Killed from afar by an electric eel (4 damage)
             ... with a bolt of electricity
             ... on level 9 of the Dungeon.
             The game lasted 02:48:22 (20645 turns).

KarvaRausku the Thaumaturge (DrCj)                 Turns: 20645, Time: 02:48:23

Health: 0/81       AC: 14    Str: 11    XL:     12   Next: 86%
Magic:  35/48      EV: 16    Int: 19    God:    Sif Muna [******]
Gold:   630        SH:  7    Dex: 13    Spells: 8 memorised, 4 levels left

rFire  . . .     SeeInvis .     v - staff of power
rCold  . . .     Clarity  .     (armour unavailable)
rNeg   . . .     SustAb   .     W - +2 buckler
rPois  +         Gourm    .     x - +2 hat
rElec  .         Spirit   .     N - +0 cloak
rCorr  .         Warding  .     Y - +2 pair of gloves
rMut   .         Stasis   .     (no boots)
MR     .....                    f - amulet of regeneration
Stlth  +++.......               X - ring of poison resistance
                                B - ring of flight

@: starving, not resistant to hostile enchantments, fairly stealthy
A: breathe sticky flames, unfitting armour, stinger 1, cold-blooded, AC +8
a: Breathe Sticky Flame, Channel Energy, Forget Spell, Renounce Religion, Evoke
Flight


You were on level 9 of the Dungeon.
You worshipped Sif Muna.
Sif Muna was exalted by your worship.
You were starving.

You visited 2 branches of the dungeon, and saw 14 of its levels.

You collected 805 gold pieces.
You spent 175 gold pieces at shops.

Inventory:

Missiles
 e - 4 throwing nets (quivered)
Armour
 x - a +2 hat (worn)
 N - a +0 cloak (worn)
 W - a +2 buckler (worn)
 Y - a +2 pair of gloves (worn)
Magical staves
 v - an uncursed staff of power (weapon)
 C - an uncursed staff of death
Jewellery
 f - an amulet of regeneration (around neck)
 m - an uncursed ring of ice
 B - a ring of flight (left hand)
 X - a ring of poison resistance (right hand)
Magical devices
 j - a wand of frost (27)
 l - a wand of random effects (6)
 s - a wand of magic darts (28)
 z - a wand of slowing (28)
 S - a wand of draining (5)
 V - a wand of disintegration (8)
 Z - a wand of paralysis (5)
Scrolls
 d - 2 scrolls of teleportation
 i - 4 scrolls of enchant armour
 o - 4 scrolls of identify
 r - a scroll of remove curse
 t - 2 scrolls of blinking
 y - a scroll of holy word
 H - a scroll of magic mapping
Potions
 a - 3 potions of magic {unknown}
 g - 2 potions of curing
 n - 3 potions of might
 p - a potion of flight {unknown}
 A - 2 potions of cancellation
 D - 3 potions of haste
 J - 3 potions of agility {unknown}
 O - 2 potions of restore abilities {unknown}
 R - 3 potions of berserk rage
Books
 c - a book of Conjurations

   Spells                             Type                      Level
   a - Magic Dart                     Conjuration                  1
   b - Searing Ray                    Conjuration                  2
   c - Dazzling Spray                 Conjuration/Hexes            3
   d - Fulminant Prism                Conjuration/Hexes            4
   e - Iskenderun's Mystic Blast      Conjuration                  4
   f - Iskenderun's Battlesphere      Conjuration/Charms           5
 k - a book of Enchantments

   Spells                             Type                      Level
   a - Tukima's Dance                 Hexes                        3
   b - Cause Fear                     Hexes                        4
   c - Silence                        Hexes/Air                    5
   d - Deflect Missiles               Charms/Air                   6
   e - Haste                          Charms                       6
   f - Discord                        Hexes                        8
 q - Sif Muna's Papyrus of Good Luck
   (Sif Muna gifted it to you on level 9 of the Dungeon)

   Spells                             Type                      Level
   a - Swiftness                      Charms/Air                   2
   b - Sure Blade                     Hexes/Charms                 2
   c - Ozocubu's Armour               Charms/Ice                   3
   d - Spectral Weapon                Hexes/Charms                 3
   e - Iskenderun's Battlesphere      Conjuration/Charms           5
 F - a book of Burglary

   Spells                             Type                      Level
   a - Swiftness                      Charms/Air                   2
   b - Passwall                       Transmutation/Earth          3
   c - Passage of Golubria            Translocation                4
   d - Lee's Rapid Deconstruction     Earth                        5
   e - Invisibility                   Hexes                        6
   f - Darkness                       Hexes                        7
 U - a book of Unlife

   Spells                             Type                      Level
   a - Recall                         Summoning/Translocation      3
   b - Animate Dead                   Necromancy                   4
   c - Control Undead                 Necromancy                   4
   d - Cigotuvi's Embrace             Necromancy                   5
   e - Death Channel                  Necromancy                   6
   f - Simulacrum                     Ice/Necromancy               6
Comestibles
 b - 3 bread rations
 w - 2 beef jerkies


   Skills:
 + Level 7.4 Dodging
 - Level 6.0 Stealth
 + Level 5.7 Shields
 * Level 10.7 Spellcasting
 - Level 9.8 Conjurations
 + Level 4.5 Hexes
 - Level 8.5 Charms
 + Level 2.4 Summonings
 * Level 4.1 Necromancy
 + Level 2.6 Translocations


You had 4 spell levels left.
You knew the following spells:

 Your Spells              Type           Power        Failure   Level  Hunger
a - Iskenderun's Mystic   Conj           #####...     1%          4    ##.....
b - Searing Ray           Conj           #####.       1%          2    None
c - Dazzling Spray        Conj/Hex       #####...     1%          3    None
d - Iskenderun's Battles  Conj/Chrm      #####...     6%          5    ####...
e - Tukima's Dance        Hex            ####....     3%          3    None
f - Recall                Summ/Tloc      N/A          10%         3    None
g - Animate Dead          Necr           N/A          14%         4    ##.....
h - Control Undead        Necr           ####......   14%         4    ##.....


Dungeon Overview and Level Annotations

Branches:
Dungeon (13/15)            Temple (1/1) D:7            Lair (0/8) D:11
    Orc (0/4) D:11
 Vaults: D:13-14

Altars:
Ashenzari
Cheibriados
Dithmenos
Elyvilon
Fedhas
Gozag
Kikubaaqudgha
Makhleb
Nemelex Xobeh
Okawaru
Qazlal
Ru
Sif Muna
Trog
Vehumet
Xom
Yredelemnul
Zin
The Shining One
Beogh

Shops:
D:12 %*:*!

Annotations:
D:5 1 runed door


Innate Abilities, Weirdness & Mutations

You can spit globs of burning liquid.
You can ignite nearby creatures when you spit burning liquid.
Your weird mottled scales are hard (AC +8).
Your body does not fit into most forms of armour.
Your cold-blooded metabolism reacts poorly to cold.
Your tail ends in a poisonous barb.


Message History

The electric eel shoots out a bolt of lightning at you!
The bolt of electricity hits you! x2
Casting: Iskenderun's Mystic Blast
Confirm with . or Enter, or press ? or * to list all spells.
Aiming: Iskenderun's Mystic Blast
Press: ? - help, Shift-Dir - straight line, f - ice beast
Aim: an ice beast The orb of energy hits the ice beast.
The ice beast is heavily wounded.
You are starving!
The electric eel shoots out a bolt of lightning at you!
The bolt of electricity hits you!
* * * LOW HITPOINT WARNING * * *
The bolt of electricity hits you!
* * * LOW HITPOINT WARNING * * *
The electric eel shoots out a bolt of lightning at you!
The bolt of electricity hits you!
* * * LOW HITPOINT WARNING * * *
The bolt of electricity hits you!
You die...

[.#..##..##.####'####..#.....#...
..#..##...........(..........#...
..#....................#.....#...
..#.............<......#.....#...
..#..##...####..##.###.#.....#...
..'..##...####..#............#...
..#..##.........#............#...
###..##.........#.......##.###...
................@............#...
................#.......#....#...
.................................
................................≈
≈≈..........................≈≈≈≈≈
≈≈≈≈≈≈≈≈≈≈≈...........≈≈≈≈≈≈≈≈≈≈≈
≈≈≈≈≈≈≈≈≈≈≈≈≈≈;≈≈≈≈≈≈≈≈≈≈≈≈≈≈≈≈≈≈
≈≈≈≈≈≈≈≈≈≈≈≈≈≈≈;≈≈≈≈≈≈≈≈≈≈≈≈≈≈≈≈≈
≈≈≈≈≈≈≈≈≈≈≈≈≈≈≈≈≈≈≈≈≈≈≈≈≈≈≈≈≈≈≈≈≈


You could see 2 electric eels.

Vanquished Creatures
  A hydra (D:11)
  A tengu warrior (D:11)
  An unseen horror (D:12)
  4 hill giants
  Erolcha (D:12)
  Pikel (D:7)
  A cyclops (D:12)
  A manticore (D:12)
  An ugly thing (D:11)
  The ghost of pzskc383 the Geomancer, an experienced GrEE (D:6)
  Psyche (D:9)
  A gargoyle (D:10)
  A komodo dragon (D:12)
  A fire drake (D:11)
  2 trolls
  A two-headed ogre (D:12)
  5 slime creatures (D:12)
  A raven (D:11)
  A shadow (D:12)
  A trapdoor spider (D:11)
  A wyvern (D:12)
  A deep elf mage (D:12)
  2 hippogriffs
  Grum (D:8)
  A hill giant zombie (D:11)
  2 hungry ghosts (D:11)
  17 yaks
  A wraith (D:10)
  A mottled dragon (D:8)
  A tengu zombie (D:11)
  Menkaure (D:6)
  A water moccasin (D:11)
  4 wolves
  5 sky beasts
  2 soldier ants (D:11)
  7 orc warriors
  A slave (D:7)
  6 phantoms
  2 necrophages
  2 black bears
  12 ogres
  An eye of draining (D:12)
  9 ice beasts
  3 centaurs
  3 big kobolds
  A komodo dragon zombie (D:12)
  3 crocodiles
  12 giant frogs
  A gnoll sergeant (D:8)
  5 scorpions
  15 killer bees
  A troll zombie (D:11)
  2 electric eels (D:9)
  6 wights
  9 crimson imps
  3 goliath beetles
  7 orc priests
  9 hounds
  15 jellies
  3 centaur zombies
  Crazy Yiuf (D:7)
  2 giant frog zombies
  3 centaur skeletons
  3 giant frog skeletons
  9 orc wizards
  A quasit (D:10)
  5 iguanas
  2 killer bee zombies (D:8)
  5 ogre zombies (D:11)
  14 worker ants
  Jessica (D:3)
  2 hound zombies
  2 hound skeletons
  7 gnolls
  Robin (D:4)
  A worker ant zombie (D:8)
  13 adders
  3 giant mites
  A white imp (D:6)
  8 worms
  2 adder skeletons
  An adder zombie (D:8)
  5 giant geckos
  70 orcs
  A ball python (D:6)
  A bat zombie (D:6)
  6 giant cockroaches
  17 goblins
  14 hobgoblins
  22 jackals
  5 quokkas
  A ball python zombie (D:6)
  11 bats
  A giant gecko zombie (D:8)
  4 giant newts
  3 giant spores
  2 goblin skeletons (D:11)
  4 goblin zombies (D:11)
  3 hobgoblin zombies (D:11)
  14 kobolds
  3 orc skeletons (D:11)
  14 orc zombies
  A quokka zombie (D:5)
  16 rats
  14 ballistomycetes
526 creatures vanquished.

Vanquished Creatures (collateral kills)
  A wolf spider (shapeshifter) (D:12)
  3 yaks (D:12)
  An orc wizard (D:12)
  An ogre zombie (D:11)
  An adder (D:11)
  2 orcs (D:12)
  A ballistomycete (D:11)
10 creatures vanquished.

Vanquished Creatures (others)
  A slave (D:7)
  A cyclops zombie (D:12)
  A yak zombie (D:12)
  A yak skeleton (D:12)
  An elf zombie (D:12)
  A crocodile zombie (D:12)
  2 gnolls (D:6)
  A shadow imp (D:7)
  4 orcs
  2 giant spores (D:11)
  7 orc zombies (D:12)
  A butterfly (D:10)
23 creatures vanquished.

Grand Total: 559 creatures vanquished

Notes
Turn   | Place    | Note
--------------------------------------------------------------
     0 | D:1      | KarvaRausku, the Draconian Conjurer, began the quest for the Orb.
     0 | D:1      | Reached XP level 1. HP: 14/14 MP: 3/3
   354 | D:1      | Reached XP level 2. HP: 20/20 MP: 0/5
   807 | D:1      | Learned a level 2 spell: Searing Ray
  1294 | D:2      | Reached XP level 3. HP: 22/26 MP: 1/6
  2203 | D:3      | Noticed Jessica
  2214 | D:3      | Killed Jessica
  2214 | D:3      | Reached XP level 4. HP: 16/33 MP: 2/9
  2815 | D:3      | Learned a level 3 spell: Dazzling Spray
  2891 | D:3      | Found a blossoming altar of Fedhas.
  2901 | D:3      | Reached XP level 5. HP: 38/38 MP: 4/11
  3779 | D:4      | Noticed an ogre
  3788 | D:4      | Killed an ogre
  3788 | D:4      | Reached skill level 5 in Conjurations
  3788 | D:4      | Reached skill level 1 in Hexes
  3788 | D:4      | Reached XP level 6. HP: 45/45 MP: 4/15
  3819 | D:4      | Noticed a phantom
  3849 | D:4      | Killed a phantom
  4185 | D:4      | Your scales start taking on a weird mottled pattern.
  4185 | D:4      | Reached XP level 7. HP: 30/50 MP: 5/17
  4298 | D:4      | Noticed an ogre
  4307 | D:4      | Killed an ogre
  4480 | D:4      | Found a sacrificial altar of Ru.
  4718 | D:4      | Learned a level 5 spell: Iskenderun's Battlesphere
  4781 | D:4      | Noticed Robin
  4918 | D:4      | Killed Robin
  5138 | D:4      | Found a radiant altar of Vehumet.
  5138 | D:4      | Found a shimmering altar of Xom.
  5150 | D:4      | Reached skill level 1 in Charms
  5409 | D:5      | Entered Level 5 of the Dungeon
  5414 | D:5      | Reached skill level 5 in Spellcasting
  5542 | D:4      | Reached XP level 8. HP: 38/57 MP: 5/20
  6084 | D:5      | Found a runed door.
  6203 | D:5      | Reached skill level 6 in Conjurations
  6451 | D:6      | Noticed Menkaure
  6473 | D:6      | Killed Menkaure
  7167 | D:6      | Noticed pzskc383's ghost (experienced GrEE)
  7327 | D:6      | Killed pzskc383's ghost
  7327 | D:6      | Reached XP level 9. HP: 57/62 MP: 11/23
  7965 | D:7      | Reached skill level 5 in Stealth
  8057 | D:7      | Found a staircase to the Ecumenical Temple.
  8060 | D:7      | Noticed Pikel
  8073 | D:7      | Killed Pikel
  8073 | D:7      | Reached skill level 7 in Spellcasting
  8073 | D:7      | Reached skill level 5 in Charms
  8084 | Temple   | Entered the Ecumenical Temple
  8169 | Temple   | Became a worshipper of Sif Muna the Loreminder
  8209 | D:7      | Noticed a moth of wrath
  8211 | D:7      | Found a bloodstained altar of Trog.
  8562 | D:7      | Noticed Crazy Yiuf
  8570 | D:7      | Killed Crazy Yiuf
  9047 | D:7      | Got a smoking large shield
  9455 | D:7      | Reached skill level 5 in Dodging
  9754 | D:7      | Reached XP level 10. HP: 45/69 MP: 2/25
 10416 | D:8      | Acquired Sif Muna's first power
 10547 | D:7      | Identified the +0 large shield of Beauty {rN+ Str+5} (You took it off an orc priest on level 7 of the Dungeon)
 10844 | D:8      | Gained mutation: Your tail ends in a poisonous barb. [potion of mutation]
 10844 | D:8      | Gained mutation: You can spit poison. [potion of mutation]
 10844 | D:8      | Lost mutation: You can spit poison. [potion of mutation]
 10957 | D:8      | Found a glowing golden altar of the Shining One.
 11078 | D:8      | Found a shadowy altar of Dithmenos.
 11229 | D:9      | Noticed Grum
 11325 | D:9      | Noticed Psyche
 11336 | D:9      | Killed Psyche
 11336 | D:9      | Reached skill level 1 in Shields
 11336 | D:9      | Reached skill level 8 in Spellcasting
 11341 | D:9      | Found a basalt altar of Yredelemnul.
 11357 | D:9      | Got an ancient leather armour
 11514 | D:9      | Acquired Sif Muna's second power
 12029 | D:8      | Killed Grum
 12538 | D:9      | Reached XP level 11. HP: 64/74 MP: 25/28
 12964 | D:9      | Found a sparkling altar of Nemelex Xobeh.
 13120 | D:9      | HP: 3/74 [electric eel/bolt of electricity (10)]
 13674 | D:10     | Entered Level 10 of the Dungeon
 13922 | D:10     | Reached skill level 9 in Spellcasting
 14608 | D:10     | Found a roughly hewn altar of Beogh.
 15132 | D:11     | Found a staircase to the Orcish Mines.
 15421 | D:11     | Found a staircase to the Lair.
 15545 | D:11     | Found a shadowy altar of Dithmenos.
 15548 | D:11     | Noticed a hill giant
 15564 | D:11     | Killed a hill giant
 15564 | D:11     | Acquired Sif Muna's third power
 15673 | D:11     | Learned a level 3 spell: Tukima's Dance
 15942 | D:11     | Noticed a tengu warrior
 15943 | D:11     | Noticed a tengu warrior
 16563 | D:11     | Noticed a hill giant
 16637 | D:11     | Killed a hill giant
 16803 | D:11     | Reached XP level 12. HP: 71/81 MP: 30/30
 16869 | D:11     | Learned a level 3 spell: Recall
 16876 | D:11     | Learned a level 4 spell: Animate Dead
 16881 | D:11     | Learned a level 4 spell: Control Undead
 17129 | D:11     | Killed a tengu warrior
 17129 | D:11     | Reached skill level 10 in Spellcasting
 17159 | D:11     | Learned a level 4 spell: Iskenderun's Mystic Blast
 17484 | D:12     | Reached skill level 1 in Summonings
 17486 | D:12     | Noticed a four-headed hydra
 17615 | D:11     | Killed a five-headed hydra
 17615 | D:11     | Reached skill level 1 in Necromancy
 17841 | D:12     | Reached skill level 1 in Translocations
 17888 | D:12     | Found Reum's Food Boutique.
 17983 | D:12     | Reached skill level 5 in Shields
 18113 | D:12     | Found Gauxux's Distillery.
 18123 | D:12     | Bought a potion of poison for 12 gold pieces
 18123 | D:12     | Bought a potion of might for 48 gold pieces
 18545 | D:12     | Found Psoat's Book Shoppe.
 18546 | D:12     | Found Mave's Assorted Antiques.
 18590 | D:12     | Bought a bone ring for 115 gold pieces
 18628 | D:12     | Found a shimmering altar of Xom.
 18998 | D:12     | Noticed Erolcha
 19003 | D:12     | Killed Erolcha
 19021 | D:12     | Found Twysur Teschi's General Store.
 20396 | D:9      | Received a gift from Sif Muna
 20398 | D:9      | Identified Sif Muna's Papyrus of Good Luck (Sif Muna gifted it to you on level 9 of the Dungeon)
 20645 | D:9      | HP: 4/81 [electric eel/bolt of electricity (9)]
 20645 | D:9      | Killed from afar by an electric eel

Action                   |  1- 3 |  4- 6 |  7- 9 | 10-12 || total
-------------------------+-------+-------+-------+-------++-------
Melee: Unarmed           |    24 |     4 |       |       ||    28
       Staff             |       |    26 |    59 |   159 ||   244
 Cast: Magic Dart        |    66 |    43 |   200 |   379 ||   688
       Searing Ray       |     5 |    20 |    93 |   200 ||   318
       Dazzling Spray    |       |     2 |    15 |    27 ||    44
       Iskenderun's Batt |       |       |     1 |    45 ||    46
       Iskenderun's Myst |       |       |       |   104 ||   104
       Animate Dead      |       |       |       |    13 ||    13
       Control Undead    |       |       |       |     1 ||     1
       Tukima's Dance    |       |       |       |     1 ||     1
Invok: Channel Energy    |       |       |       |    47 ||    47
       Forget Spell      |       |       |       |     1 ||     1
 Abil: Breathe Sticky Fl |       |       |     6 |     7 ||    13
Evoke: Wand              |       |       |     3 |     8 ||    11
       Phantom mirror    |       |       |       |     1 ||     1
  Use: Scroll            |       |       |     1 |    22 ||    23
       Potion            |       |       |       |     8 ||     8
 Stab: Paralysed         |       |       |     1 |       ||     1
       Invisible         |       |       |       |     1 ||     1
  Eat: Chunk             |     4 |     8 |    18 |    29 ||    59
       Meat ration       |       |       |       |     2 ||     2
       Pizza             |       |       |       |     1 ||     1
       Fruit             |       |       |       |     3 ||     3
       Bread ration      |       |       |       |     4 ||     4
       Beef jerky        |       |       |       |     2 ||     2
